 Dungeon Crawl Stone Soup version 0.29.0-13-gc9e81de378 (webtiles) character file.

Game seed: 13288782026699840381

148 Artool the Ducker (level 5, -3/41 HPs)
             Began as a Demonspawn Gladiator on Sept 6, 2022.
             Killed by divine providence
             ... invoked by an orc priest
              (14 damage)
             ... on level 3 of the Dungeon.
             The game lasted 00:07:04 (2353 turns).

Artool the Ducker (Demonspawn Gladiator)            Turns: 2353, Time: 00:07:05

Health: -3/41      AC:  7    Str: 16    XL:     5   Next: 8%
Magic:  5/5        EV: 12    Int:  9    God:
Gold:   114        SH:  4    Dex: 15    Spells: 4/4 levels left

rFire   . . .      SeeInvis .   a - +0 whip
rCold   + . .      Faith    .   (no shield)
rNeg    . . .      Spirit   .   f - +0 ring mail
rPois   .          Reflect  .   c - +0 helmet
rElec   .          Harm     .   (no cloak)
rCorr   .          Rampage  .   q - +0 pair of gloves
Will    .....                   (no boots)
Stlth   +.........              (no amulet)
HPRegen 0.13/turn               i - ring of flight
MPRegen 0.09/turn               x - ring of protection from cold

@: flying
A: large bone plates 1, demonic magic 1
a: no special abilities


You were on level 3 of the Dungeon.
You visited 1 branch of the dungeon, and saw 3 of its levels.

You collected 146 gold pieces.
You spent 32 gold pieces at shops.

Inventory:

Hand Weapons
 a - a +0 whip (weapon)
 z - a +0 flail
Missiles
 d - 3 throwing nets (quivered)
 e - a javelin
Armour
 b - a +0 leather armour
 c - a +0 helmet (worn)
 f - a +0 ring mail (worn)
 q - a +0 pair of gloves (worn)
Jewellery
 i - a ring of flight (left hand)
 x - a ring of protection from cold (right hand)
Scrolls
 g - 4 scrolls of teleportation {unknown}
 j - a scroll of fog {unknown}
 k - 4 scrolls of identify {unknown}
 m - a scroll of blinking {unknown}
 n - 2 scrolls of immolation {unknown}
 p - 2 scrolls of enchant weapon {unknown}
 r - a scroll of noise {unknown}
 s - a scroll of magic mapping {unknown}
 t - a scroll of vulnerability {unknown}
 u - a scroll of poison {unknown}
 y - 2 scrolls of fear {unknown}
 A - a scroll of enchant armour {unknown}
Potions
 h - a potion of heal wounds {unknown}
 l - a potion of mutation {unknown}
 o - 3 potions of flight {unknown}
 v - a potion of invisibility {unknown}
 w - a potion of ambrosia {unknown}


   Skills:
 + Level 3.0 Fighting
 + Level 3.5 Maces & Flails
 - Level 1.7 Throwing
 + Level 2.0 Armour
 + Level 3.5 Dodging


You had 4 spell levels left.
You didn't know any spells.
Your spell library contained the following spells:

 Spells                   Type           Power      Damage    Failure   Level
 Scorch                   Fire           0%         2d5       75%         2
 Ignite Poison            Fire/Tmut/Pois 0%         N/A       92%         3
 Mephitic Cloud           Conj/Pois/Air  0%         N/A       92%         3
 Flame Wave               Conj/Fire      0%         2d4       100%        4
 Freezing Cloud           Conj/Ice/Air   0%         6-21      100%        5
 Summon Cactus Giant      Summ           0%         N/A       100%        6


Dungeon Overview and Level Annotations

Branches:
Dungeon (3/15)

Altars:
Fedhas

Shops:
D:3 *


Innate Abilities, Weirdness & Mutations

You are partially covered in large bone plates. (SH +4)
Spells you cast may paralyse adjacent enemies.


Message History

The orc attacks as you move away! The orc barely misses you.
You hit the orc but do no damage. You block the orc's attack.
You hit the orc.
The orc is almost dead.
The orc wizard mumbles some strange words.
The orc wizard flickers and vanishes!
Deactivating autopickup; reactivate with Ctrl-A.
The orc hits you but does no damage.
You closely miss the orc.
The orc is almost dead.
The orc hits you with a +0 hand axe.
You closely miss the orc.
The orc is almost dead.
The orc barely misses you.
You hit the orc.
You kill the orc!
You closely miss something. Something hits you but does no damage.
Something hits you but does no damage.
The orc priest calls down the wrath of Beogh upon you.
Beogh smites you!
You hear some strange, mumbled words.
You are confused.
You hit the orc.
The orc is moderately wounded.
You closely miss the orc.
The orc is moderately wounded.
The orc hits you but does no damage.
You hit the orc.
The orc is heavily wounded.
A rat comes into view.
The orc hits you but does no damage.
You bump into the rock wall.
The orc hits you with a +0 dagger.
You bump into the rock wall.
The orc hits you but does no damage.
You bump into the rock wall.
You feel less confused. The orc hits you with a +0 dagger.
* * * LOW HITPOINT WARNING * * *
The orc priest mumbles some strange prayers to Beogh against you.
Beogh smites you!
You die...

......# #.... ... ....#.#
...# go ...##.# #..##o# ..
......# #..)o# ....
..P...# #....##....
..∩P..# ##.........
.PPP..# #......#.. ......#
#########or.....# ..###.#
.......@o.o....... ## #.#
#########g....#..# #.#
###.....##.. #####†####
###.......#... .........##
#............
..........####............
.......................##.
............##.........#
...........###....######


You could see an orc priest, 2 orcs, a hobgoblin and a rat.

Vanquished Creatures
  Jessica (D:2)
  6 adders
  3 worms (D:2)
  2 orcs (D:3)
  5 ball pythons
  8 bats
  5 endoplasms
  3 giant cockroaches
  5 goblins
  4 hobgoblins
  2 quokkas
  11 frilled lizards
  2 kobolds
  5 rats
62 creatures vanquished.

Notes
Turn   | Place    | Note
-------+----------+-------------------------------------------
     0 | D:1      | Artool the Demonspawn Gladiator began the quest for the
                  | Orb.
     0 | D:1      | Reached XP level 1. HP: 16/16 MP: 1/1
   384 | D:1      | Gained mutation: You are partially covered in large bone
                  | plates. (SH +4) [demonic ancestry]
   384 | D:1      | Reached XP level 2. HP: 21/22 MP: 2/2
   718 | D:1      | Reached skill level 1 in Armour
   824 | D:2      | Reached XP level 3. HP: 15/28 MP: 3/3
  1281 | D:2      | Noticed Jessica
  1298 | D:2      | Killed Jessica
  1299 | D:2      | Reached XP level 4. HP: 34/34 MP: 4/4
  1441 | D:2      | Found a faded altar of an unknown god.
  1653 | D:2      | Found a blossoming altar of Fedhas.
  2099 | D:3      | Found Cuablyra's Assorted Antiques.
  2105 | D:3      | Bought a scroll labelled HOSHOI TU EFOA for 32 gold pieces
  2141 | D:3      | Gained mutation: Spells you cast may paralyse adjacent
                  | enemies. [demonic ancestry]
  2141 | D:3      | Reached XP level 5. HP: 20/41 MP: 5/5
  2353 | D:3      | Killed from afar by an orc priest

Illustrated notes

Levels and vault maps discovered:
D:1:      dpeg_arrival_central, layout_basic
D:2:      minmay_door_path, layout_loops_ring, basic_altar,
          hellmonk_ecumenical_altar_lost_god, grunt_ministairs_12, uniq_jessica
D:3:      due_chaos_kobolds, layout_rooms, serial_shops,
          nicolae_shop_overgrown_old_shop

Skill      XL: |  1  2  3  4 |
---------------+-------------+-----
Armour         | 1 2 |  2.0
Maces & Flails | 3 |  3.5
Dodging        | 3 |  3.5
Fighting       | 3 |  3.0
Throwing       | |  1.7

Action                   |  1- 3 |  4- 6 || total
-------------------------+-------+-------++-------
Melee: Flail             |    93 |    62 ||   155
       Punch             |     1 |     1 ||     2
       Whip              |       |    60 ||    60
Armor: Ring mail         |    40 |    43 ||    83
Dodge: Dodged            |    39 |    70 ||   109
Block: Other             |    15 |    18 ||    33
